 Dungeon Crawl Stone Soup version 0.23.2-1-ga50397a (webtiles) character file.

Game seed: 3790732552465947274

506 diana the Ducker (level 6, -5/50 HPs)
             Began as a Demonspawn Gladiator on May 5, 2019.
             Slain by a thrashing horror (17 damage)
             ... on level 1 of the Abyss.
             The game lasted 00:04:48 (3482 turns).

diana the Ducker (Demonspawn Gladiator)             Turns: 3482, Time: 00:04:49

Health: -5/50      AC: 13    Str: 16    XL:     6   Next: 97%
Magic:  0/6        EV: 12    Int:  9    God:
Gold:   224        SH:  0    Dex: 15    Spells: 5/5 levels left

rFire    . . .     SeeInvis .   a - +0 long sword
rCold    . . .     Gourm    .   (no shield)
rNeg     . . .     Faith    .   n - +4 scale mail
rPois    .         Spirit   +   c - +0 helmet
rElec    .         Reflect  .   (no cloak)
rCorr    .         Harm     .   (no gloves)
MR       .....                  (no boots)
Stlth    ..........             (no amulet)
HPRegen  0.16/turn              (no ring)
MPRegen  0.10/turn              (no ring)

@: no status effects
A: hooves 2, rugged brown scales 1, demonic guardian 1, magic shield
a: no special abilities


You were on level 1 of the Abyss.
You were not hungry.

You visited 1 branch of the dungeon, and saw 5 of its levels.
You visited the Abyss 1 time.

You collected 224 gold pieces.

Inventory:

Hand Weapons
 a - a +0 long sword (weapon)
Missiles
 d - 3 throwing nets (quivered)
Armour
 b - a +0 leather armour
 c - a +0 helmet (worn)
 e - a +0 shield
 n - a +4 scale mail (worn)
Wands
 s - a wand of digging (4)
 t - a wand of polymorph (6)
Scrolls
 g - a scroll of random uselessness {unknown}
 h - 2 scrolls of noise {unknown}
 j - 7 scrolls of identify {unknown}
 l - 2 scrolls of remove curse {unknown}
 m - 2 scrolls of teleportation {unknown}
 o - a scroll of blinking {unknown}
 q - a scroll of enchant armour {unknown}
 u - a scroll of enchant weapon {unknown}
Potions
 i - 2 potions of agility {unknown}
 k - a potion of mutation {unknown}
 p - a potion of brilliance {unknown}
 r - 3 potions of curing {unknown}
 v - a potion of lignification {unknown}
Comestibles
 f - 7 rations


   Skills:
 + Level 4.6 Fighting
 - Level 2.6 Long Blades
 - Level 1.7 Throwing
 + Level 3.6 Armour
 + Level 4.7 Dodging


You had 5 spell levels left.
You didn't know any spells.
Your spell library contained the following spells:

 Spells                   Type           Power        Failure   Level  Hunger
 Malign Gateway           Summ/Tloc      #.........   100%        7    #######
 Monstrous Menagerie      Summ           #.........   100%        7    #######
 Summon Greater Demon     Summ           #.........   100%        7    #######
 Summon Horrible Things   Summ           #.........   100%        8    #######


Dungeon Overview and Level Annotations

Branches:
Dungeon (5/15)
 Temple: D:4-7

Altars:
Elyvilon
Fedhas
Trog
Vehumet
The Shining One

Shops:
D:4 :


Innate Abilities, Weirdness & Mutations

You have hoof-like feet.
You are partially covered in rugged brown scales. (AC +1, +3% HP)
A weak demonic guardian rushes to your aid.
When hurt, damage is shared between your health and your magic reserves.


Message History

The thrashing horror tramples you!
* * * LOW HITPOINT WARNING * * *
You hold your ground!
The thrashing horror tramples you.
* * * LOW HITPOINT WARNING * * *
You hold your ground!
The thrashing horror misses you.
The thrashing horror closely misses you.
You hit the thrashing horror. Your kick misses the thrashing horror.
The thrashing horror is almost destroyed.
The thrashing horror closely misses you.
The thrashing horror tramples you but does no damage.
Unknown command.
You swap places.
The thrashing horror roars!
The thrashing horror tramples your ufetubus!
Your ufetubus stumbles backwards!
Your ufetubus dies!
You hit the thrashing horror.
The thrashing horror is almost destroyed.
The thrashing horror tramples you!!
You die...

..##....# ...
.# . ....#
..#... ## . .
.. .ยง.#..#. .
.. .. #..## #.
. ##. .#
#..#.#...# ....
# ....... #.#
#...#....###..#
#..#. .#..X.#
##......##@# #
##.###..#.#
.##. #...# #
.#.#...#.# . .
..#.#.#
...#...#
#.....#.. #.
....$..
..#..##. .


You could see a thrashing horror.

Vanquished Creatures
  A sky beast (D:4)
  A phantom (D:4)
  Blork the orc (D:5)
  A hound (D:5)
  An orc wizard (D:4)
  2 iguanas
  6 gnolls (D:4)
  2 adders (D:3)
  An ooze (D:4)
  An adder skeleton (D:4)
  4 worms
  A dart slug (D:2)
  3 leopard geckos
  4 orcs (D:4)
  4 bats
  2 giant cockroaches (D:3)
  8 goblins
  10 hobgoblins
  4 jackals (D:2)
  A ball python (D:2)
  4 frilled lizards
  10 kobolds
  10 rats
82 creatures vanquished.

Vanquished Creatures (collateral kills)
  An orc priest (D:5)
  2 gnolls
3 creatures vanquished.

Grand Total: 85 creatures vanquished

Notes
Turn   | Place    | Note
-------+----------+-------------------------------------------
     0 | D:1      | diana the Demonspawn Gladiator began the quest for the Orb.
     0 | D:1      | Reached XP level 1. HP: 16/16 MP: 1/1
   345 | D:1      | Gained mutation: You have large cloven feet. [demonic
                  | ancestry]
   345 | D:1      | Reached XP level 2. HP: 17/22 MP: 2/2
   516 | D:1      | Reached skill level 1 in Armour
   905 | D:2      | Gained mutation: A weak demonic guardian rushes to your
                  | aid. [demonic ancestry]
   905 | D:2      | Reached XP level 3. HP: 28/28 MP: 3/3
  1055 | D:2      | Found a blossoming altar of Fedhas.
  1224 | D:2      | Found a bloodstained altar of Trog.
  1224 | D:2      | Found a radiant altar of Vehumet.
  1585 | D:3      | Gained mutation: You have hoof-like feet. [demonic
                  | ancestry]
  1585 | D:3      | Reached XP level 4. HP: 34/34 MP: 4/4
  1886 | D:3      | Found a faded altar of an unknown god.
  2335 | D:4      | Found a glowing golden altar of the Shining One.
  2369 | D:4      | Found Qothruus's Book Boutique.
  2459 | D:4      | Gained mutation: When hurt, damage is shared between your
                  | health and your magic reserves. [demonic ancestry]
  2459 | D:4      | Reached XP level 5. HP: 31/41 MP: 5/5
  2460 | D:4      | Noticed a sky beast
  2463 | D:4      | Noticed a phantom
  2466 | D:4      | Killed a sky beast
  2506 | D:4      | Killed a phantom
  2506 | D:4      | Gained mutation: You are partially covered in rugged brown
                  | scales. (AC +1, +3% HP) [demonic ancestry]
  2506 | D:4      | Reached XP level 6. HP: 36/49 MP: 6/6
  2816 | D:4      | Found a white marble altar of Elyvilon.
  2910 | D:5      | Entered Level 5 of the Dungeon
  2925 | D:5      | Noticed Blork the orc
  2932 | D:5      | Killed Blork the orc
  3419 | D:5      | Cast into level 1 of the Abyss (gnoll)
  3457 | Abyss:1  | Noticed a thrashing horror
  3482 | Abyss:1  | Slain by a thrashing horror

Skill      XL: |  1  2  3  4  5  6 |
---------------+-------------------+-----
Dodging        | 3 4 |  4.7
Armour         | 1 2 3 |  3.6
Fighting       | 3 4 |  4.6
Long Blades    | |  2.6
Throwing       | |  1.7

Action                   |  1- 3 |  4- 6 || total
-------------------------+-------+-------++-------
Melee: Long sword        |   107 |   140 ||   247
       Kick              |    25 |    43 ||    68
 Stab: Distracted        |       |     2 ||     2
  Eat: Chunk             |     2 |     4 ||     6
       Ration            |       |     1 ||     1
Armor: Leather armour    |    33 |     4 ||    37
       Scale mail        |       |    73 ||    73
Dodge: Dodged            |    96 |   124 ||   220
       Rpst.: Long sword |    24 |    39 ||    63
